[Event "11th LCC FIDE Open 2019"]
[Site "London"]
[Date "2019.11.30"]
[Round "2.26"]
[White "Van Zyl-Rudd, Jack"]
[Black "Wilks, Simon"]
[Result "1-0"]
[ECO "C11"]
[WhiteElo "2290"]
[BlackElo "2071"]
[Annotator "NA"]
[PlyCount "73"]
[EventDate "2019.11.29"]
[EventType "swiss"]
[EventCountry "ENG"]
[SourceTitle "playchess.com"]
[Source "ChessBase"]
[SourceQuality "1"]
[TimeControl "40/5400+30:1800+30"]

1. e4 e6 2. d4 d5 3. Nc3 Nf6 4. e5 Nfd7 5. f4 c5 6. Nf3 Nc6 7. Be3 a6 8. Qd2 b5 9. Nd1 Be7 10. c3 b4 11. Bd3 h6 12. O-O O-O 13. f5 bxc3 $14 14. bxc3 exf5 15. Bxh6 cxd4 16. cxd4 Nb6 17. Bf4 Nb4 18. Bb1 Nc4 19. Qf2 Na3 20. Qg3 Qb6 21. Ne3 Qg6 22. Bg5 Ra7 23. Qh4 Bxg5 24. Nxg5 Qh6 25. Qg3 Nxb1 26. Raxb1 Nc6 27. Rf4 f6 28. exf6 Qxf6 29. Rb6 Qd6 30. Qf3 Be6 31. Nxf5 Bxf5 32. Rxf5 Raa8 33. Qh5 Rxf5 34. Qh7+ Kf8 35. Qxf5+ Ke8 36. Qf7+ Kd8 37. Ne6+ 1-0

[Event "11th LCC FIDE Open 2019"]
[Site "London"]
[Date "2019.11.30"]
[Round "2.27"]
[White "Marusenko, Petr"]
[Black "Cumming, Rhys"]
[Result "0-1"]
[ECO "A21"]
[WhiteElo "2085"]
[BlackElo "2284"]
[Annotator "NA"]
[PlyCount "74"]
[EventDate "2019.11.29"]
[EventType "swiss"]
[EventCountry "ENG"]
[SourceTitle "playchess.com"]
[Source "ChessBase"]
[SourceQuality "1"]
[TimeControl "40/5400+30:1800+30"]

1. c4 e5 2. Nc3 Bb4 3. Nd5 Bc5 4. e3 Nf6 5. g3 Nxd5 6. cxd5 O-O 7. Bg2 d6 8. Ne2 Nd7 9. O-O $1 Bb6 10. Nc3 a6 11. b3 f5 12. Bb2 Nf6 13. Rc1 Bd7 $15 14. Qe2 Rc8 15. Rfd1 Be8 16. d3 Kh8 17. a4 Qd7 18. b4 f4 19. a5 Ba7 20. Rf1 Bh5 21. Bf3 Qh3 22. Bxh5 Nxh5 23. exf4 Nxg3 24. Qf3 Rxf4 25. Qxg3 Rg4 26. Ne4 Rxg3+ 27. hxg3 h5 28. Rfd1 Rf8 29. Rc2 h4 30. d4 Qg4 31. Re1 Bxd4 32. Bxd4 exd4 33. Rd2 Re8 34. Rxd4 hxg3 35. fxg3 Qf3 36. Rc4 Re5 37. Rc3 Qxc3 0-1

[Event "11th LCC FIDE Open 2019"]
[Site "London"]
[Date "2019.11.30"]
[Round "2.28"]
[White "Balaji, Aaravamudhan"]
[Black "Stoyanov, Viktor"]
[Result "1-0"]
[ECO "E90"]
[WhiteElo "2080"]
[BlackElo "2272"]
[Annotator "NA"]
[PlyCount "99"]
[EventDate "2019.11.29"]
[EventType "swiss"]
[EventCountry "ENG"]
[SourceTitle "playchess.com"]
[Source "ChessBase"]
[SourceQuality "1"]
[TimeControl "40/5400+30:1800+30"]

1. d4 Nf6 2. c4 c5 3. d5 g6 4. Nc3 Bg7 5. e4 d6 6. Nf3 O-O 7. h3 Na6 8. Bd3 e6 9. O-O Nc7 10. Be3 Re8 11. Qc2 exd5 12. cxd5 b5 13. e5 c4 14. Nxb5 Nxb5 (14... cxd3 $15 15. Qxc7 dxe5 16. Qxd8 Rxd8) 15. Bxc4 ({Of course not} 15. exf6 cxd3 16. Qxd3 Qxf6 $15) ({But not} 15. Qxc4 $2 dxe5 16. Qxb5 Bd7 $19) 15... Na3 16. bxa3 Bf5 17. Qb3 Rb8 18. Qa4 Bd7 $16 19. Qxa7 dxe5 20. d6 Ne4 21. Rfd1 Rf8 22. Rac1 Kh8 23. Qc7 f5 24. Qxd8 Rfxd8 25. Ng5 Nxg5 26. Bxg5 Rdc8 27. Bb3 e4 28. Rc7 h6 29. Be7 Bb5 30. Rxc8+ Rxc8 31. d7 Bxd7 32. Rxd7 Rc1+ 33. Rd1 Rc7 34. Bb4 Be5 35. Bd6 Bxd6 36. Rxd6 Kg7 37. a4 f4 38. Re6 Rc1+ 39. Kh2 Re1 40. a5 Re2 41. a6 Rxf2 42. a7 f3 43. a8=Q Rxg2+ 44. Kh1 h5 45. Re7+ Kh6 46. Qf8+ Kg5 47. Re5+ Kh4 48. Qf4+ Kxh3 49. Be6+ Rg4 50. Qh2# 1-0

[Event "11th LCC FIDE Open 2019"]
[Site "London"]
[Date "2019.11.30"]
[Round "2.29"]
[White "Czerw, Dawid"]
[Black "Royal, Shreyas"]
[Result "1-0"]
[ECO "E05"]
[WhiteElo "2255"]
[BlackElo "1941"]
[Annotator "NA"]
[PlyCount "141"]
[EventDate "2019.11.29"]
[EventType "swiss"]
[EventCountry "ENG"]
[SourceTitle "playchess.com"]
[Source "ChessBase"]
[SourceQuality "1"]
[TimeControl "40/5400+30:1800+30"]

1. d4 d5 2. c4 e6 3. Nf3 Nf6 4. g3 Be7 5. Bg2 O-O 6. O-O dxc4 7. Qc2 a6 8. a4 Bd7 9. Qxc4 Bc6 10. Bg5 Nbd7 11. Nc3 h6 12. Bxf6 Nxf6 13. b4 Bd5 {[%emt 0:07:57] E05: Open Catalan: 5 Nf3 Be7} 14. Nxd5 exd5 15. Qb3 Bd6 16. e3 Qe7 17. b5 {[%emt 0:07:40] [#]} a5 $146 ({Predecessor:} 17... axb5 18. axb5 g6 19. Ra2 Qe6 20. Rfa1 Rab8 21. Ra7 {½-½ (39) Cheparinov,I (2667)-Dominguez Perez,L (2750) Hengshui 2019}) 18. Ne1 c6 19. Nd3 Ne4 $14 20. bxc6 bxc6 21. Qc2 Rac8 22. Rab1 c5 23. dxc5 Bxc5 24. Nxc5 Rxc5 25. Qd3 Rfc8 26. Bh3 Rd8 27. Rbc1 Rxc1 28. Rxc1 Qf6 29. Qc2 Ng5 30. Bg2 d4 31. exd4 Qxd4 32. h4 Ne6 33. Bh3 Qd5 34. Bxe6 Qxe6 35. Qc7 Qd5 36. Qc5 Qd2 37. Kg2 Qd5+ 38. Kg1 Qd2 39. Kg2 Qd5+ 40. Qxd5 Rxd5 41. Rc8+ Kh7 42. Ra8 g5 43. hxg5 hxg5 44. Kf3 Re5 45. Rb8 Kg7 46. Rb6 Rc5 47. Ra6 Re5 48. Kg4 Re4+ 49. Kxg5 Rxa4 50. f4 Ra3 51. g4 Ra4 52. Ra7 Kf8 53. f5 Ke8 54. Kf6 Rxg4 55. Rxa5 Rf4 56. Ra8+ Kd7 57. Ra7+ Ke8 58. Ra8+ Kd7 59. Rf8 Rf1 60. Rxf7+ Ke8 61. Rh7 Rf2 62. Rh8+ Kd7 63. Rf8 Rg2 64. Kf7 Rg1 65. f6 Kd6 66. Re8 Kd7 67. Re2 Rf1 68. Kg7 Rg1+ 69. Kf8 Kd6 70. f7 Rg4 71. Ke8 1-0

[Event "11th LCC FIDE Open 2019"]
[Site "London"]
[Date "2019.11.30"]
[Round "2.30"]
[White "Blackburn, Jonathan Lb"]
[Black "Saidmurodov, Shahjahon"]
[Result "1-0"]
[ECO "A56"]
[WhiteElo "2240"]
[BlackElo "1782"]
[Annotator "NA"]
[PlyCount "147"]
[EventDate "2019.11.29"]
[EventType "swiss"]
[EventCountry "ENG"]
[SourceTitle "playchess.com"]
[Source "ChessBase"]
[SourceQuality "1"]
[TimeControl "40/5400+30:1800+30"]

1. d4 Nf6 2. c4 c5 3. d5 e5 4. Nc3 d6 5. e4 Be7 6. g3 Nbd7 7. Bg2 O-O 8. Nf3 Ne8 9. Qe2 a6 10. a4 Nc7 11. h4 Nf6 12. Nh2 Bd7 13. a5 Rb8 14. Nf1 b5 15. axb6 $1 Rxb6 $16 16. Ne3 a5 17. g4 g6 18. Bf3 Na6 19. g5 Ne8 20. Ng4 Bxg4 21. Bxg4 Nec7 22. Kd1 Rb3 23. Qc2 Qb8 24. f3 h5 25. gxh6 Kh7 26. Rxa5 Rb7 27. Ra3 Nb4 28. Qe2 Ra7 29. h5 Rb7 30. Rg1 Rg8 31. f4 exf4 32. hxg6+ fxg6 33. Bxf4 Nba6 34. Bc1 Bf6 35. Bd7 Qd8 36. Qg4 Qe7 37. Be6 Nxe6 38. dxe6 Bxc3 39. Rxc3 Nc7 40. Rf1 Qxe6 41. Qxe6 Nxe6 42. Rf6 Nd4 43. Rg3 Re7 44. Bg5 Ne6 45. Bd2 g5 46. Rf5 Kxh6 47. Rh3+ Kg6 48. Rhf3 Kh5 49. Rh3+ Kg6 50. Rhf3 Kh5 51. Rh3+ Kg6 52. Rd3 Nd4 53. Rxg5+ Kf7 54. Rxg8 Kxg8 55. Bc3 Rxe4 56. Bxd4 cxd4 57. Kd2 Kf7 58. Rh3 d5 59. c5 d3 60. Rxd3 Rb4 61. Rxd5 Rxb2+ 62. Kc3 Rb1 63. Kc4 Ke7 64. c6 Rc1+ 65. Kb5 Rb1+ 66. Kc5 Rb2 67. c7 Rb1 68. Kc6 Rc1+ 69. Kb7 Rb1+ 70. Kc8 Rb2 71. Rd1 Re2 72. Rb1 Kd6 73. Kb8 Re8+ 74. c8=Q 1-0

[Event "11th LCC FIDE Open 2019"]
[Site "London"]
[Date "2019.11.30"]
[Round "2.31"]
[White "Pellicoro, Nathalie"]
[Black "Lee, Qing Aun"]
[Result "0-1"]
[ECO "B23"]
[WhiteElo "1967"]
[BlackElo "2228"]
[Annotator "NA"]
[PlyCount "80"]
[EventDate "2019.11.29"]
[EventType "swiss"]
[EventCountry "ENG"]
[SourceTitle "playchess.com"]
[Source "ChessBase"]
[SourceQuality "1"]
[TimeControl "40/5400+30:1800+30"]

1. e4 c5 2. Nc3 e6 3. d3 d5 4. g3 Nc6 5. exd5 exd5 6. Bg2 Be6 7. Nge2 Nf6 8. O-O d4 9. Ne4 Nxe4 10. dxe4 Qd7 11. Nf4 O-O-O $11 12. Nxe6 Qxe6 13. f4 c4 14. e5 f5 15. exf6 gxf6 16. Qh5 Kb8 17. f5 Qd7 18. Bf4+ Bd6 19. Bxd6+ Qxd6 20. Qf7 h5 21. Qxc4 Ne5 22. Qb3 Qc7 23. Rf4 Rd6 24. Rd1 Rhd8 25. Qa4 d3 26. c3 Qb6+ 27. Kh1 Ng4 28. Rd2 R6d7 29. Qb3 Qe3 30. Qd1 Re8 31. Rf3 Qc5 32. h3 Rde7 33. Qg1 Qc7 34. Rfxd3 Ne3 35. Qf2 h4 36. g4 Nc4 37. Rd1 a6 38. Bf3 Nxb2 39. Qxb2 Re1+ 40. Rxe1 Rxe1+ 0-1

[Event "11th LCC FIDE Open 2019"]
[Site "London"]
[Date "2019.11.30"]
[Round "2.32"]
[White "Hebden, Mark L"]
[Black "Auyeung, Chi Hung Jonathan"]
[Result "1-0"]
[ECO "A43"]
[WhiteElo "2436"]
[BlackElo "1770"]
[Annotator "NA"]
[PlyCount "89"]
[EventDate "2019.11.29"]
[EventType "swiss"]
[EventCountry "ENG"]
[SourceTitle "playchess.com"]
[Source "ChessBase"]
[SourceQuality "1"]
[TimeControl "40/5400+30:1800+30"]

1. d4 c5 2. d5 Nf6 3. Nc3 d6 4. e4 g6 5. Nf3 Bg7 6. Be2 O-O 7. O-O e6 8. Nd2 exd5 9. exd5 Re8 10. a4 Na6 11. Nc4 Nb4 12. Ne3 b6 13. Bb5 Re7 14. Na2 (14. Be2 $11) 14... Nxa2 15. Rxa2 Bb7 16. Ra3 a6 17. Bd3 Nxd5 18. Nxd5 Bxd5 $11 19. Bxg6 hxg6 20. Qxd5 Re5 21. Qb7 Re7 22. Qf3 Qe8 23. Rd3 Re6 24. b3 Ra7 25. Be3 Rae7 26. g3 b5 27. axb5 Qxb5 28. c4 Qb8 29. Rfd1 Kh7 30. Qf4 Qe8 31. Rxd6 Re4 32. Rd8 Qc6 33. Qd6 Qb7 34. Rb8 Be5 35. Rxb7 Bxd6 36. Rb6 Be5 37. Bxc5 Rc7 38. Bd6 Rd7 39. Rxa6 Bd4 40. Kf1 Bc5 41. Rd5 Ba7 42. Ba3 Rc7 43. c5 Re8 44. c6 Re6 45. Bd6 1-0

[Event "11th LCC FIDE Open 2019"]
[Site "London"]
[Date "2019.11.30"]
[Round "2.33"]
[White "Yoon, Jacob D"]
[Black "Maze, Sebastien"]
[Result "0-1"]
[ECO "D00"]
[WhiteElo "2037"]
[BlackElo "2541"]
[Annotator "ChessBase"]
[PlyCount "104"]
[EventDate "2019.11.29"]
[EventType "swiss"]
[EventCountry "ENG"]
[SourceTitle "playchess.com"]
[Source "ChessBase"]
[SourceQuality "1"]
[TimeControl "40/5400+30:1800+30"]

1. d4 Nf6 2. Nc3 d5 3. Bf4 a6 4. Nf3 e6 5. a3 c5 6. e3 Nbd7 7. Ne5 b5 8. Be2 Bb7 9. Bf3 Rc8 10. O-O Qb6 11. a4 Nxe5 12. Bxe5 Nd7 13. dxc5 Bxc5 14. Bxg7 Rg8 15. Bd4 b4 16. a5 Qc7 17. Na4 Bxd4 18. exd4 Qxc2 19. Qxc2 Rxc2 20. Rac1 Rc8 21. Rxc8+ Bxc8 22. Rc1 Ke7 23. g3 Kd6 24. Be2 Bb7 25. Bd3 h6 26. f4 f6 27. Be2 Bc6 28. Nb6 Nxb6 29. axb6 Ra8 30. f5 exf5 31. Kf2 a5 32. Rc5 a4 33. Bb5 Bb7 34. Rc7 a3 35. bxa3 bxa3 36. Rc1 a2 37. Ra1 Ra3 38. Ke2 Ba6 39. Bxa6 Rxa6 40. Kf3 Kc6 41. Kf4 Kxb6 42. Kxf5 Kb5 43. Kg6 Kc4 44. Kxh6 Kxd4 45. Kg6 Kc3 46. h4 Kb2 47. Rf1 a1=Q 48. Rxa1 Kxa1 49. h5 d4 50. h6 f5+ 51. Kxf5 Rxh6 52. Ke4 Rg6 0-1

[Event "11th LCC FIDE Open 2019"]
[Site "London"]
[Date "2019.11.30"]
[Round "2.34"]
[White "Mirzoyan, Davit T."]
[Black "Sarpotdar, Amogh"]
[Result "1-0"]
[ECO "D37"]
[WhiteElo "2388"]
[BlackElo "2015"]
[Annotator "NA"]
[PlyCount "41"]
[EventDate "2019.11.29"]
[EventType "swiss"]
[EventCountry "ENG"]
[SourceTitle "playchess.com"]
[Source "ChessBase"]
[SourceQuality "1"]
[TimeControl "40/5400+30:1800+30"]

1. Nf3 d5 2. d4 Nf6 3. c4 e6 4. Nc3 Be7 5. Bf4 $11 O-O 6. e3 c5 7. dxc5 Bxc5 8. a3 a5 9. Rc1 Nc6 10. cxd5 exd5 11. h3 Re8 12. Be2 Be6 13. Nb5 Bb6 14. Nd6 Re7 15. Nxb7 Rxb7 16. Rxc6 Qe8 17. Rc1 Ne4 18. O-O Bd8 19. Rc2 Bf6 20. Nd4 Qa4 21. Rc8+ 1-0

[Event "11th LCC FIDE Open 2019"]
[Site "London"]
[Date "2019.11.30"]
[Round "2.35"]
[White "Rogacewicz, Mikolaj"]
[Black "Sowray, Peter J"]
[Result "0-1"]
[ECO "E04"]
[WhiteElo "1921"]
[BlackElo "2316"]
[Annotator "NA"]
[PlyCount "50"]
[EventDate "2019.11.29"]
[EventType "swiss"]
[EventCountry "ENG"]
[SourceTitle "playchess.com"]
[Source "ChessBase"]
[SourceQuality "1"]
[TimeControl "40/5400+30:1800+30"]

1. d4 d5 2. c4 e6 3. Nf3 Nf6 4. g3 dxc4 5. Bg2 a6 6. O-O Nc6 7. e3 Rb8 8. Qe2 b5 9. b3 cxb3 10. axb3 Be7 11. Bb2 O-O 12. Rc1 Bb7 13. Nc3 Nb4 14. Na2 Nxa2 15. Rxa2 Nd5 16. e4 Nb4 17. Raa1 $15 c5 18. dxc5 Qd3 19. Bf1 Qxe4 20. Qxe4 Bxe4 21. Ne5 Rbc8 22. c6 f6 23. Nd7 Rfd8 24. Bh3 Kf7 25. Ba3 Rxc6 0-1

[Event "11th LCC FIDE Open 2019"]
[Site "London"]
[Date "2019.11.30"]
[Round "2.36"]
[White "Chapman, Matt"]
[Black "Wu, Li"]
[Result "1/2-1/2"]
[ECO "A47"]
[WhiteElo "1937"]
[BlackElo "2293"]
[Annotator "NA"]
[PlyCount "80"]
[EventDate "2019.11.29"]
[EventType "swiss"]
[EventCountry "ENG"]
[SourceTitle "playchess.com"]
[Source "ChessBase"]
[SourceQuality "1"]
[TimeControl "40/5400+30:1800+30"]

1. d4 Nf6 2. Nf3 e6 3. Bf4 b6 4. e3 Bb7 5. Nbd2 c5 6. c3 Be7 7. h3 O-O 8. Bd3 cxd4 9. exd4 d6 10. O-O Ba6 {[%emt 0:02:11] A47: 1 d4 Nf6 2 Nf3 b6: Torre, London and Colle Systems} (10... Nbd7 11. Qe2 a6 12. a4 Re8 13. Bh2 h6 14. Rfe1 Bf8 15. Nc4 Qc7 16. Ne3 Nd5 17. Nxd5 Bxd5 18. Bxa6 Bxf3 19. gxf3 {1-0 (34) Carlsen,M (2837)-Akobian,V (2647) Riadh 2017}) 11. Bxa6 Nxa6 12. a4 Nc7 13. c4 $146 ({Predecessor:} 13. Ne1 Qd7 14. Nd3 a6 15. Bg3 b5 16. Qf3 Nfd5 17. Ra2 {½-½ (36) Miladinovic,I (2545)-Drasko,M (2453) Niksic 2016}) 13... a5 14. Qe2 Na6 15. b3 Qd7 16. Nb1 Rfd8 17. Nc3 Nb4 18. Rfd1 Rac8 19. Rac1 Qb7 $11 20. Re1 h6 21. g4 d5 22. Nb5 Ne8 23. Ne5 Nd6 24. Nxd6 Bxd6 25. Qf3 f6 26. Ng6 Qf7 27. Bxd6 Rxd6 28. Nf4 dxc4 29. Rxc4 Rcd8 30. Qe4 Nd5 31. Rec1 Nxf4 32. Qxf4 Qb7 33. Rc7 Qd5 34. Ra7 R8d7 35. Rxd7 Rxd7 36. Qb8+ Kh7 37. Qxb6 Rb7 38. Qc5 Qxb3 39. Qc6 Qd5 40. Qxd5 exd5 1/2-1/2

[Event "11th LCC FIDE Open 2019"]
[Site "London"]
[Date "2019.11.30"]
[Round "2.37"]
[White "Zapolskis, Antanas"]
[Black "Penna, Tommaso"]
[Result "1-0"]
[ECO "D00"]
[WhiteElo "2280"]
[BlackElo "2007"]
[Annotator "NA"]
[PlyCount "89"]
[EventDate "2019.11.29"]
[EventType "swiss"]
[EventCountry "ENG"]
[SourceTitle "playchess.com"]
[Source "ChessBase"]
[SourceQuality "1"]
[TimeControl "40/5400+30:1800+30"]

1. d4 d5 2. c3 Nf6 3. Bg5 Ne4 4. Bf4 e6 5. Nd2 $11 Nxd2 6. Qxd2 Bd6 7. Nf3 O-O 8. e3 c5 9. Bd3 Nc6 10. O-O Qe7 11. Bxd6 Qxd6 12. dxc5 Qxc5 13. Qc2 h6 14. e4 Bd7 15. exd5 exd5 16. Bf5 Rad8 17. Rad1 d4 18. Bh7+ Kh8 19. cxd4 Qa5 20. Be4 Bg4 21. d5 Bxf3 22. Bxf3 Ne5 23. Be4 f5 24. Bxf5 Rxd5 25. Be6 Rxd1 26. Rxd1 Qb6 27. Bf5 Qf6 28. Be4 Ng4 29. Bf3 Qf4 30. Bxg4 Qxg4 31. h3 Qe6 32. b3 Rc8 33. Qd3 Qe5 34. Qf3 b5 35. g3 b4 36. Qb7 Qf5 37. Qd7 Rf8 38. Qxf5 Rxf5 39. Kg2 Rc5 40. Rd2 Kh7 41. Kf3 a5 42. Ke4 a4 43. bxa4 Ra5 44. Kd4 Rxa4 45. Kc4 1-0

[Event "11th LCC FIDE Open 2019"]
[Site "London"]
[Date "2019.11.30"]
[Round "2.38"]
[White "Papadiamandis, Elliot"]
[Black "Jukes, Sam"]
[Result "1-0"]
[ECO "C55"]
[WhiteElo "2220"]
[BlackElo "1899"]
[Annotator "NA"]
[PlyCount "69"]
[EventDate "2019.11.29"]
[EventType "swiss"]
[EventCountry "ENG"]
[SourceTitle "playchess.com"]
[Source "ChessBase"]
[SourceQuality "1"]
[TimeControl "40/5400+30:1800+30"]

1. e4 e5 2. Nf3 Nc6 3. Bc4 Nf6 4. d3 Be7 5. c3 d6 6. Nbd2 O-O 7. Bb3 Na5 8. Bc2 c5 9. O-O Nc6 10. Re1 Re8 11. Nf1 {[%emt 0:00:39] C55: Two Knights: 4 d3, 4 d4 exd4 5 e5 and Max Lange Attack} h6 12. Ne3 Bf8 13. h3 g6 14. Bb3 {[%emt 0:06:30] [#]} Be6 $146 ({Predecessor:} 14... Bg7 15. Nh2 Be6 16. Neg4 Nxg4 17. Nxg4 Kh7 18. Ne3 Qd7 {½-½ (77) Kobalia,M (2495)-Onischuk,A (2625) Biel 1997}) 15. Bxe6 Rxe6 16. Qb3 Re7 17. Nh2 Bg7 18. Nhg4 Nxg4 19. hxg4 Rd7 20. g3 Qf6 21. Kg2 Qe6 $16 22. Rh1 Qxb3 23. axb3 Ne7 24. Nc4 Rdd8 25. Bxh6 b5 26. Bxg7 Kxg7 27. Ne3 d5 28. g5 dxe4 29. dxe4 Rd2 30. Ng4 Ng8 31. Rhd1 Rxb2 32. Rd7 Rxb3 33. Nxe5 Kf8 34. Rxf7+ Ke8 35. Rh1 1-0

[Event "11th LCC FIDE Open 2019"]
[Site "London"]
[Date "2019.11.30"]
[Round "2.39"]
[White "Lovell, William Pm"]
[Black "Bukojemski, Adam"]
[Result "0-1"]
[ECO "A20"]
[WhiteElo "1843"]
[BlackElo "2211"]
[Annotator "ChessBase"]
[PlyCount "50"]
[EventDate "2019.11.29"]
[EventType "swiss"]
[EventCountry "ENG"]
[SourceTitle "playchess.com"]
[Source "ChessBase"]
[SourceQuality "1"]
[TimeControl "40/5400+30:1800+30"]

1. c4 Nf6 2. g3 e5 3. Bg2 Nc6 4. b3 d5 5. d3 Bb4+ 6. Bd2 Be7 7. Bc3 a5 8. Nd2 a4 9. Ngf3 d4 10. Bb2 a3 11. Bc1 Bb4 12. O-O O-O 13. Ne4 Nxe4 14. dxe4 Bc3 15. Rb1 Bg4 16. Bd2 Bxf3 17. Bxf3 Nb4 18. Bxc3 dxc3 19. Ra1 Qxd1 20. Rfxd1 Rfd8 21. Rdc1 Rd2 22. Rxc3 Rxa2 23. Rd1 Rb2 24. Rcc1 a2 25. Kg2 g6 0-1

[Event "11th LCC FIDE Open 2019"]
[Site "London"]
[Date "2019.11.30"]
[Round "2.40"]
[White "Russell, Christopher"]
[Black "Mugalu, Hassan"]
[Result "1-0"]
[ECO "B15"]
[WhiteElo "2190"]
[BlackElo "1836"]
[Annotator "NA"]
[PlyCount "91"]
[EventDate "2019.11.29"]
[EventType "swiss"]
[EventCountry "ENG"]
[SourceTitle "playchess.com"]
[Source "ChessBase"]
[SourceQuality "1"]
[TimeControl "40/5400+30:1800+30"]

1. e4 c6 2. d4 d5 3. Nc3 dxe4 4. Nxe4 g6 5. c3 Nh6 (5... Bg7 $14) 6. Bf4 Nd7 7. Qe2 Bg7 8. Nd6+ Kf8 9. Nxc8 Rxc8 $16 10. Qd2 Nf5 11. O-O-O b5 12. Nf3 Nb6 13. Ne5 Nd5 14. g4 Nd6 15. Bh6 a5 16. h4 a4 17. a3 Ne4 18. Bxg7+ Kxg7 19. Qc2 Nd6 20. h5 Rf8 21. f3 Rh8 22. Qf2 f6 23. h6+ Kf8 24. Nd3 Kf7 25. Nc5 Re8 26. f4 Rb8 27. f5 g5 28. Ne6 Qc8 29. Qh2 Kg8 30. Re1 Nc4 31. Qh5 Nf4 32. Nxf4 gxf4 33. Re6 Ne3 34. Bd3 Nd5 35. g5 Kh8 36. Qf7 Rg8 37. g6 hxg6 38. fxg6 Rxg6 39. Bxg6 Qg8 40. Rxc6 b4 41. axb4 f3 42. Rf1 Nf4 43. Qg7+ Qxg7 44. hxg7+ Kxg7 45. Be4 Ne2+ 46. Kc2 1-0

[Event "11th LCC FIDE Open 2019"]
[Site "London"]
[Date "2019.11.30"]
[Round "2.41"]
[White "Smith, Andrew Philip"]
[Black "Chidichimo, Pedro Jose Maria"]
[Result "1-0"]
[ECO "B07"]
[WhiteElo "2172"]
[BlackElo "1831"]
[Annotator "NA"]
[PlyCount "75"]
[EventDate "2019.11.29"]
[EventType "swiss"]
[EventCountry "ENG"]
[SourceTitle "playchess.com"]
[Source "ChessBase"]
[SourceQuality "1"]
[TimeControl "40/5400+30:1800+30"]

1. e4 d6 2. d4 Nf6 3. Nc3 Nbd7 4. g4 h6 5. f3 e5 6. Nge2 c6 7. Be3 Be7 8. Qd2 Nh7 $16 (8... b5 $11) 9. Ng3 Ndf8 10. O-O-O Bg5 11. Kb1 Bxe3 12. Qxe3 Qg5 13. Qf2 g6 14. h4 Qe7 15. dxe5 dxe5 16. Qd2 Nf6 17. g5 hxg5 18. hxg5 Nh5 19. Nxh5 gxh5 20. f4 Bg4 21. Be2 Bxe2 22. Nxe2 Ne6 23. f5 Rd8 24. Qa5 Qc7 25. Qxa7 Nxg5 26. Rxd8+ Kxd8 27. Qa8+ Qc8 28. Rd1+ Ke7 29. Qa3+ c5 30. Nc3 f6 31. Nd5+ Kf7 32. Nb6 Qc6 33. Rd7+ Qxd7 34. Nxd7 h4 35. Qb3+ Ke7 36. Qxb7 h3 37. Nxe5+ Kd6 38. Nc4# 1-0

[Event "11th LCC FIDE Open 2019"]
[Site "London"]
[Date "2019.11.30"]
[Round "2.42"]
[White "Ahn, Sungmin"]
[Black "Zymberi, Astrit"]
[Result "1-0"]
[ECO "B22"]
[WhiteElo "1780"]
[BlackElo "2148"]
[Annotator "NA"]
[PlyCount "69"]
[EventDate "2019.11.29"]
[EventType "swiss"]
[EventCountry "ENG"]
[SourceTitle "playchess.com"]
[Source "ChessBase"]
[SourceQuality "1"]
[TimeControl "40/5400+30:1800+30"]

1. e4 c5 2. Nf3 e6 3. c3 Nf6 4. e5 Nd5 5. d4 cxd4 6. cxd4 d6 7. Bc4 Nb6 8. Bd3 Nc6 9. O-O Nb4 10. Be2 Bd7 11. Nc3 Bc6 12. a3 N4d5 13. Ne4 Be7 14. Bd3 h6 $14 15. Re1 dxe5 16. Nxe5 Nf6 17. Nc3 Qxd4 18. Nxf7 Qh4 19. g3 Qh3 20. Bf1 Qf5 21. Nxh8 Ng4 22. Qe2 Bc5 23. Be3 Nxe3 24. fxe3 O-O-O 25. b4 Be7 26. Nb5 Rxh8 27. Nxa7+ Kc7 28. Rac1 Ra8 29. Nxc6 bxc6 30. Bg2 Kd8 31. Red1+ Nd5 32. e4 Qe5 33. Qd3 Bg5 34. Rxc6 Be3+ 35. Qxe3 1-0

[Event "11th LCC FIDE Open 2019"]
[Site "London"]
[Date "2019.11.30"]
[Round "2.43"]
[White "Volovich, Julia"]
[Black "Ethelontis, Alexandros N"]
[Result "0-1"]
[ECO "E39"]
[WhiteElo "1753"]
[BlackElo "2139"]
[Annotator "NA"]
[PlyCount "88"]
[EventDate "2019.11.29"]
[EventType "swiss"]
[EventCountry "ENG"]
[SourceTitle "playchess.com"]
[Source "ChessBase"]
[SourceQuality "1"]
[TimeControl "40/5400+30:1800+30"]

1. d4 e6 2. c4 Nf6 3. Nc3 Bb4 4. Qc2 c5 5. dxc5 O-O 6. a3 Bxc5 7. Bf4 Nc6 8. e3 Be7 9. Nf3 Qa5 $14 10. O-O-O d5 11. Nb5 dxc4 12. Nc7 e5 13. Nxa8 exf4 14. Bxc4 Bf5 15. Qb3 Qc5 16. Qb5 Rxa8 17. Qxc5 Bxc5 18. Rhe1 fxe3 19. fxe3 Rc8 20. Bd3 Be6 21. Bc2 g6 22. Ng5 Bg4 23. Nf3 h6 24. h3 Be6 25. Kb1 Kg7 26. g4 Nd5 27. Bb3 Nc3+ 28. bxc3 Bxb3 29. Rd7 Na5 30. Nd4 Bc4 31. Kb2 Kf8 32. Nc2 Be6 33. Rd3 Nc4+ 34. Kb1 Nxa3+ 35. Nxa3 Bxa3 36. Red1 Ke7 37. Kc2 Bc5 38. Rb1 b6 39. Ra1 a5 40. Ra4 Rh8 41. h4 Kf6 42. Rf4+ Ke5 43. Ra4 h5 44. g5 Bf5 0-1

[Event "11th LCC FIDE Open 2019"]
[Site "London"]
[Date "2019.11.30"]
[Round "2.44"]
[White "Willmoth, Robert F"]
[Black "Brian Makwele"]
[Result "1-0"]
[ECO "C26"]
[WhiteElo "2108"]
[BlackElo "1910"]
[Annotator "NA"]
[PlyCount "75"]
[EventDate "2019.11.29"]
[EventType "swiss"]
[EventCountry "ENG"]
[SourceTitle "playchess.com"]
[Source "ChessBase"]
[SourceQuality "1"]
[TimeControl "40/5400+30:1800+30"]

1. e4 e5 2. Nc3 Nf6 3. g3 c6 4. d4 exd4 5. Qxd4 c5 6. Qd1 Nc6 7. Bg2 Be7 8. Nge2 O-O 9. O-O d6 10. h3 Re8 11. Be3 Ne5 12. f4 Nc4 {[%emt 0:01:42] [#] Double Attack} 13. Bc1 $1 Be6 14. b3 Nb6 15. Bb2 (15. a4 $16) 15... Qc8 16. f5 Bd7 17. g4 Bc6 18. Nf4 Qc7 19. g5 Nfd7 20. Qh5 Ne5 21. g6 hxg6 22. fxg6 fxg6 23. Nxg6 Nxg6 24. Qxg6 $18 Bf8 25. Rf4 Qe7 26. Raf1 Qe6 27. Rf6 Qe5 28. Nd5 Nxd5 29. Bxe5 Nxf6 30. Bxf6 Re6 31. Qg4 Bd7 32. Bc3 Rae8 33. e5 Bc6 34. Bxc6 bxc6 35. Rf6 R6e7 36. exd6 Re2 37. Rxf8+ Rxf8 38. Qxg7# 1-0

[Event "11th LCC FIDE Open 2019"]
[Site "London"]
[Date "2019.11.30"]
[Round "2.45"]
[White "Granat, Russell G"]
[Black "Drastik, Penelope"]
[Result "0-1"]
[ECO "B31"]
[WhiteElo "2207"]
[BlackElo "1759"]
[Annotator "ChessBase"]
[PlyCount "34"]
[EventDate "2019.11.29"]
[EventType "swiss"]
[EventCountry "ENG"]
[SourceTitle "playchess.com"]
[Source "ChessBase"]
[SourceQuality "1"]
[TimeControl "40/5400+30:1800+30"]

1. e4 c5 2. Be2 Nc6 3. d3 g6 4. c3 d5 5. f4 dxe4 6. dxe4 Qxd1+ 7. Bxd1 Bg7 8. Be3 Nb4 9. Nf3 Nd3+ 10. Ke2 Nxb2 11. Bb3 b6 12. Bc1 Ba6+ 13. Ke3 Nc4+ 14. Bxc4 Bxc4 15. Rd1 Nf6 16. Ne5 Ba6 17. c4 Ng8 0-1